 Dungeon Crawl Stone Soup version 0.28-a0-794-gafe8c5f9e9 (webtiles) character file.

Game seed: 702251825912254346

370 AlleluiaPinecone the Ducker (level 6, 0/47 HPs)
             Began as a Gnoll Wanderer on Nov 5, 2021.
             Was an Initiate of Gozag.
             Succumbed to a scorpion's poison
             ... on level 6 of the Dungeon.
             The game lasted 00:13:37 (7191 turns).

AlleluiaPinecone the Ducker (Gnoll Wanderer)        Turns: 7191, Time: 00:13:38

Health: 0/47       AC:  6    Str: 11    XL:     6   Next: 70%
Magic:  9/9        EV:  7    Int: 14    God:    Gozag
Gold:   177        SH:  9    Dex: 11    Spells: 9/9 levels left

rFire   . . .      SeeInvis .   a - +3 dagger
rCold   . . .      Faith    .   f - +1 kite shield
rNeg    . . .      Spirit   .   h - +0 scale mail
rPois   .          Reflect  .   (no helmet)
rElec   .          Harm     .   (no cloak)
rCorr   .          Rampage  .   (no gloves)
Will    .....                   (no boots)
Stlth   +.........              (no amulet)
HPRegen 0.15/turn               (no ring)
MPRegen 0.11/turn               (no ring)

@: lethally poisoned (0 -> -7), gold aura
A: fangs 1, strong nose, distributed training
a: Renounce Religion, Potion Petition, Call Merchant, Bribe Branch


You were on level 6 of the Dungeon.
You worshipped Gozag.
Gozag was aware of your devotion.
You visited 1 branch of the dungeon, and saw 6 of its levels.

You collected 237 gold pieces.
You paid 60 gold pieces to Gozag.

Inventory:

Hand Weapons
 a - a +3 dagger (weapon)
 g - a +2 vampiric dagger
Missiles
 b - a curare-tipped dart (quivered)
 j - 3 boomerangs
 m - 39 stones
 o - 33 arrows
 p - 35 bolts
 t - 15 sling bullets
Armour
 f - a +1 kite shield (worn)
 h - a +0 scale mail (worn)
Scrolls
 d - 3 scrolls of teleportation
Potions
 c - a potion of resistance {unknown}
 e - a potion of flight {unknown}
 i - a potion of curing
 k - 2 potions of cancellation
 l - a potion of attraction {unknown}
 n - 2 potions of degeneration
 q - a potion of invisibility {unknown}
 r - 2 potions of brilliance {unknown}
 s - a potion of mutation {unknown}
 u - a potion of haste {unknown}


   Skills:
 + Level 3.3 Fighting
 + Level 5.0 Short Blades
 + Level 5.0 Long Blades
 + Level 2.1 Axes
 + Level 2.1 Maces & Flails
 + Level 2.1 Polearms
 + Level 2.1 Staves
 + Level 2.1 Slings
 + Level 2.1 Bows
 + Level 2.1 Crossbows
 + Level 3.3 Throwing
 + Level 2.1 Armour
 + Level 5.0 Dodging
 + Level 3.1 Stealth
 + Level 3.3 Shields
 + Level 2.1 Unarmed Combat
 + Level 2.1 Spellcasting
 + Level 1.6 Conjurations
 + Level 1.6 Hexes
 + Level 1.6 Summonings
 + Level 1.6 Necromancy
 + Level 1.6 Translocations
 + Level 1.6 Transmutations
 + Level 1.6 Fire Magic
 + Level 1.6 Ice Magic
 + Level 1.6 Air Magic
 + Level 1.6 Earth Magic
 + Level 1.6 Poison Magic
 + Level 2.3 Invocations
 + Level 2.1 Evocations


You had 9 spell levels left.
You didn't know any spells.
Your spell library contained the following spells:

 Spells                   Type           Power      Damage    Failure   Level
 Sandblast                Erth           12%        2d6       97%         1
 Passwall                 Tmut/Erth      5%         N/A       99%         2
 Stone Arrow              Conj/Erth      12%        3d7       100%        3


Dungeon Overview and Level Annotations

Branches:
Dungeon (6/15)
 Temple: D:4-7

Altars:
Gozag
Nemelex Xobeh
Okawaru
Xom
Yredelemnul

Shops:
D:2 (

Annotations:
D:4 Duvessa


Innate Abilities, Weirdness & Mutations

You have very sharp teeth.
Your uncanny sense of smell can sniff out nearby items.
Your experience applies equally to all skills.


Message History

You hit the scorpion.
The scorpion is severely wounded.
You block the scorpion's attack.
You hit the scorpion but do no damage.
The scorpion is severely wounded.
The scorpion stings you.
* * * LOW HITPOINT WARNING * * *
You are lethally poisoned!
The scorpion poisons you! The scorpion stings you!
* * * LOW HITPOINT WARNING * * *
You are more poisoned.
The scorpion poisons you!
You feel better. The scorpion stings you.
* * * LOW HITPOINT WARNING * * *
You are poisoned.
The scorpion poisons you!
You barely miss the scorpion.
The scorpion is severely wounded.
* * * LOW HITPOINT WARNING * * *
You feel very sick. The scorpion stings you.
* * * LOW HITPOINT WARNING * * *
You are more poisoned.
The scorpion poisons you!
You feel better. You block the scorpion's attack.
You hit the scorpion.
The scorpion is almost dead.
The scorpion stings you.
* * * LOW HITPOINT WARNING * * *
You are lethally poisoned!
The scorpion poisons you!
You hit the scorpion.
You kill the scorpion!
* * * LOW HITPOINT WARNING * * *
You feel very sick.
* * * LOW HITPOINT WARNING * * *
You feel sick.
You see here 4 gold pieces.
You die...
Your body crumbles into a pile of gold.

## #.####
# #....#.#
#.$@.#
#.<.##
#....#
#....#
#......
#.......#
#...#####.
#..## ##
..#


There were no monsters in sight!

Vanquished Creatures
  A scorpion (D:6)
  Dowan (D:4)
  2 orc wizards
  7 adders
  A gnoll (D:4)
  A white imp (D:3)
  An ufetubus (D:4)
  An adder skeleton (D:4)
  A worm (D:2)
  2 dart slugs
  7 orcs
  6 endoplasms
  6 giant cockroaches
  14 goblins
  9 hobgoblins
  4 jackals (D:2)
  3 quokkas
  4 ball pythons
  4 bats
  4 frilled lizards
  5 kobolds
  5 rats
89 creatures vanquished.

Vanquished Creatures (collateral kills)
  2 gnolls (D:4)
2 creatures vanquished.

Grand Total: 91 creatures vanquished

Notes
Turn   | Place    | Note
-------+----------+-------------------------------------------
     0 | D:1      | AlleluiaPinecone the Gnoll Wanderer began the quest for the
                  | Orb.
     0 | D:1      | AlleluiaPinecone set off with the following items: a +2
                  | dagger, 4 curare-tipped darts, a +0 short sword, a scroll
                  | of teleportation, a +0 robe
     0 | D:1      | Reached XP level 1. HP: 17/17 MP: 1/1
   252 | D:1      | Reached XP level 2. HP: 23/23 MP: 2/2
  1058 | D:1      | Found a faded altar of an unknown god.
  1113 | D:1      | Reached XP level 3. HP: 28/28 MP: 3/3
  1358 | D:2      | Reached skill level 1 in Invocations
  1991 | D:2      | Found Ceofuj's Weapon Boutique.
  2032 | D:2      | Reached skill level 1 in Axes
  2032 | D:2      | Reached skill level 1 in Maces & Flails
  2032 | D:2      | Reached skill level 1 in Polearms
  2032 | D:2      | Reached skill level 1 in Staves
  2032 | D:2      | Reached skill level 1 in Slings
  2032 | D:2      | Reached skill level 1 in Bows
  2032 | D:2      | Reached skill level 1 in Crossbows
  2032 | D:2      | Reached skill level 1 in Armour
  2032 | D:2      | Reached skill level 1 in Unarmed Combat
  2032 | D:2      | Reached skill level 1 in Spellcasting
  2032 | D:2      | Reached skill level 1 in Evocations
  2837 | D:2      | Reached XP level 4. HP: 34/34 MP: 5/5
  3211 | D:2      | Reached skill level 1 in Conjurations
  3211 | D:2      | Reached skill level 1 in Hexes
  3211 | D:2      | Reached skill level 1 in Summonings
  3211 | D:2      | Reached skill level 1 in Necromancy
  3211 | D:2      | Reached skill level 1 in Translocations
  3211 | D:2      | Reached skill level 1 in Transmutations
  3211 | D:2      | Reached skill level 1 in Fire Magic
  3211 | D:2      | Reached skill level 1 in Ice Magic
  3211 | D:2      | Reached skill level 1 in Air Magic
  3211 | D:2      | Reached skill level 1 in Earth Magic
  3211 | D:2      | Reached skill level 1 in Poison Magic
  3606 | D:3      | Reached XP level 5. HP: 4/40 MP: 5/7
  4139 | D:3      | Found a basalt altar of Yredelemnul.
  4708 | D:4      | Found a shimmering altar of Xom.
  5087 | D:4      | Found a sparkling altar of Nemelex Xobeh.
  5138 | D:4      | Reached XP level 6. HP: 8/47 MP: 8/8
  5663 | D:4      | Found an opulent altar of Gozag.
  5669 | D:4      | Became a worshipper of Gozag Ym Sagoz the Greedy
  6054 | D:4      | Found an iron altar of Okawaru.
  6210 | D:4      | Noticed Duvessa
  6210 | D:4      | Noticed Dowan
  6854 | D:4      | Killed Dowan
  6855 | D:4      | Reached skill level 5 in Short Blades
  6855 | D:4      | Reached skill level 5 in Long Blades
  6855 | D:4      | Reached skill level 5 in Dodging
  7103 | D:5      | Entered Level 5 of the Dungeon
  7190 | D:6      | HP: 1/47 [poisoned by a scorpion]
  7191 | D:6      | Succumbed to a scorpion's poison

Illustrated notes

Levels and vault maps discovered:
D:1:      dpeg_arrival_connections, layout_loops_ring,
          dilly_ecumenical_altar_fadedgnrine
D:2:      layout_loops_ring, serial_shops, shop, st_stairs_6
D:3:      layout_rooms, lemuel_crystal_altar
D:4:      layout_loops_ring, mainiacjoe_overflow_catwalk_spiral,
          nicolae_gozag_cash_rules_everything_around_me,
          overflow_temple_1_default, uniq_duvessa
D:5:      layout_basic
D:6:      layout_layer_cave, uniq_sigmund, uniq_pikel

Skill      XL: |  1  2  3  4  5  6 |
---------------+-------------------+-----
Invocations    | 1 2 |  2.3
Axes           | 1 2 |  2.1
Maces & Flails | 1 2 |  2.1
Polearms       | 1 2 |  2.1
Staves         | 1 2 |  2.1
Slings         | 1 2 |  2.1
Bows           | 1 2 |  2.1
Crossbows      | 1 2 |  2.1
Armour         | 1 2 |  2.1
Unarmed Combat | 1 2 |  2.1
Spellcasting   | 1 2 |  2.1
Evocations     | 1 2 |  2.1
Conjurations   | 1 |  1.6
Hexes          | 1 |  1.6
Summonings     | 1 |  1.6
Necromancy     | 1 |  1.6
Translocations | 1 |  1.6
Transmutations | 1 |  1.6
Fire Magic     | 1 |  1.6
Ice Magic      | 1 |  1.6
Air Magic      | 1 |  1.6
Earth Magic    | 1 |  1.6
Poison Magic   | 1 |  1.6
Fighting       | 3 |  3.3
Throwing       | 3 |  3.3
Shields        | 3 |  3.3
Stealth        | 3 |  3.1
Short Blades   | 5 |  5.0
Long Blades    | 5 |  5.0
Dodging        | 5 |  5.0

Action                   |  1- 3 |  4- 6 || total
-------------------------+-------+-------++-------
Melee: Dagger            |   153 |   269 ||   422
       Bite              |     4 |    20 ||    24
Throw: Dart              |     2 |    18 ||    20
       Boomerang         |       |    16 ||    16
  Use: Scroll            |     3 |    11 ||    14
       Potion            |       |     2 ||     2
 Stab: Sleeping          |     2 |       ||     2
Armor: Scale mail        |    52 |    97 ||   149
Dodge: Dodged            |    39 |    60 ||    99
Block: Kite shield       |    71 |    88 ||   159

Table legend: (Time is in decaauts)
 A = Elapsed time spent in this place.
 B = Non-inter-level travel time spent in this place.
 C = Inter-level travel time spent in this place.
 D = Time resting spent in this place.
 E = Time spent auto-exploring this place.
 F = Levels seen in this place.
 G = Mean time per level.
                   A        B        C        D        E       F      G
               +--------+--------+--------+--------+--------+-----+--------+
         Total |   7205 |   7176 |     29 |   3152 |   2921 |   6 | 1200.8 |
       Dungeon |   7205 |   7176 |     29 |   3152 |   2921 |   6 | 1200.8 |
               +--------+--------+--------+--------+--------+-----+--------+

Top non-repeatable levels by time:
     D:4: 2399 daAuts
     D:2: 2188 daAuts
     D:1: 1305 daAuts
     D:3: 1225 daAuts
     D:5: 73 daAuts
     D:6: 13 daAuts
